 Dungeon Crawl Stone Soup version 0.28.0 (webtiles) character file.

Game seed: 7271628133942394065

200 theswoord the Twirler (level 5, -1/38 HPs)
             Began as a Demonspawn Gladiator on Feb 16, 2022.
             Killed from afar by Natasha (11 damage)
             ... with a magic dart
             ... on level 3 of the Dungeon on Feb 17, 2022.
             The game lasted 00:03:40 (1652 turns).

theswoord the Twirler (Demonspawn Gladiator)        Turns: 1652, Time: 00:03:40

Health: -1/38      AC:  5    Str: 14    XL:     5   Next: 49%
Magic:  5/5        EV: 12    Int: 10    God:
Gold:   86         SH:  4    Dex: 16    Spells: 4/4 levels left

rFire   . . .      SeeInvis .   a - +0 quarterstaff
rCold   . . .      Faith    .   (shield currently unavailable)
rNeg    . . .      Spirit   .   b - +0 leather armour
rPois   .          Reflect  .   c - +0 helmet
rElec   .          Harm     .   (no cloak)
rCorr   .          Rampage  .   (no gloves)
Will    .....                   (no boots)
Stlth   +.........              (no amulet)
HPRegen 0.12/turn               (no ring)
MPRegen 0.09/turn               (no ring)

@: flying
A: powered by death 1, sharp scales 1, condensation shield
a: no special abilities


You were on level 3 of the Dungeon.
You visited 1 branch of the dungeon, and saw 4 of its levels.

You collected 86 gold pieces.

Inventory:

Hand Weapons
 a - a +0 quarterstaff (weapon)
Missiles
 d - 3 throwing nets (quivered)
Armour
 b - a +0 leather armour (worn)
 c - a +0 helmet (worn)
Scrolls
 f - a scroll of enchant armour {unknown}
 k - a scroll of brand weapon {unknown}
 l - a scroll of magic mapping {unknown}
 m - a scroll of identify {unknown}
Potions
 i - a potion of flight


   Skills:
 - Level 2.0 Fighting
 + Level 5.7 Staves
 - Level 1.7 Throwing
 - Level 2.6 Dodging


You had 4 spell levels left.
You didn't know any spells.
Your spell library was empty.

Dungeon Overview and Level Annotations

Branches:
Dungeon (4/15)
 Temple: D:4-7

Altars:
Trog

Annotations:
D:3 Ijyb, Natasha
D:4 Menkaure


Innate Abilities, Weirdness & Mutations

You regenerate a little health from kills.
You are partially covered in razor-sharp scales. (AC +1, Slay +1)
A meltable shield of frost defends you. (SH +4)


Message History

Ijyb is moderately wounded.
Ijyb closely misses you. Natasha closely misses you. The endoplasm freezes you.
You are frozen.
Ijyb misses you.
Natasha stares at you and mumbles some strange words.
The magic dart hits you!
You hit Ijyb.
Ijyb is moderately wounded.
The endoplasm freezes you.
You are frozen.
Ijyb closely misses you.
Natasha stares at you and mumbles some strange words.
The magic dart hits you.
* * * LOW HITPOINT WARNING * * *
The endoplasm freezes you.
You are frozen.
* * * LOW HITPOINT WARNING * * *
Ijyb closely misses you.
It was a potion of curing.
You feel better. Natasha claws you but does no damage. The endoplasm hits you.
* * * LOW HITPOINT WARNING * * *
You block Ijyb's attack. Natasha misses you.
You sock Ijyb!
Ijyb is heavily wounded.
The endoplasm hits you but does no damage.
Ijyb misses you. Natasha claws you but does no damage.
The endoplasm hits you but does no damage.
Ijyb hits you with a +0 club.
* * * LOW HITPOINT WARNING * * *
Natasha claws you but does no damage.
Natasha stares at you and mumbles some strange words.
The magic dart hits you!
* * * LOW HITPOINT WARNING * * *
The endoplasm jiggles.
The endoplasm hits you but does no damage.
Natasha misses you. Natasha claws you but does no damage.
The endoplasm closely misses you.
You feel yourself speed up. Natasha casts a spell at you.
The magic dart hits you!
You die...

...........#
..#.......#
#.......#+##
#...........
#...........
####...##....
######!..##....
##.J..........##
#@.h...........
#...g........)..
#...............
#...............
#.....?.........
#...............
#....$.........
##..........


You could see Ijyb, Natasha and an endoplasm.

Vanquished Creatures
  A necrophage (D:4)
  An iguana (D:4)
  2 adders (D:2)
  A gnoll (D:1)
  2 ufetubi
  6 bats
  5 endoplasms
  4 goblins
  5 hobgoblins
  5 quokkas
  4 ball pythons
  11 frilled lizards
  4 kobolds
  8 rats
59 creatures vanquished.

Vanquished Creatures (others)
  8 plants (D:1)
8 creatures vanquished.

Grand Total: 67 creatures vanquished

Notes
Turn   | Place    | Note
-------+----------+-------------------------------------------
     0 | D:1      | theswoord the Demonspawn Gladiator began the quest for the
                  | Orb.
     0 | D:1      | Reached XP level 1. HP: 16/16 MP: 1/1
    43 | D:1      | Reached skill level 3 in Staves
    43 | D:1      | Gained mutation: You regenerate a little health from kills.
                  | [demonic ancestry]
    43 | D:1      | Reached XP level 2. HP: 7/22 MP: 2/2
   347 | D:1      | Found a faded altar of an unknown god.
   641 | D:1      | Gained mutation: You are partially covered in razor-sharp
                  | scales. (AC +1, Slay +1) [demonic ancestry]
   641 | D:1      | Reached XP level 3. HP: 24/27 MP: 3/3
   930 | D:2      | Reached skill level 4 in Staves
  1364 | D:2      | Gained mutation: A meltable shield of frost defends you.
                  | (SH +4) [demonic ancestry]
  1364 | D:2      | Reached XP level 4. HP: 30/33 MP: 4/4
  1438 | D:2      | You fall into a shaft and drop 2 floors!
  1438 | D:4      | Noticed Menkaure
  1478 | D:4      | Noticed a necrophage
  1509 | D:4      | Killed a necrophage
  1510 | D:4      | Reached skill level 5 in Staves
  1510 | D:4      | Reached XP level 5. HP: 38/38 MP: 5/5
  1550 | D:3      | Found a bloodstained altar of Trog.
  1633 | D:3      | Noticed Ijyb
  1634 | D:3      | Noticed Natasha
  1652 | D:3      | Killed from afar by Natasha

Skill      XL: |  1  2  3  4 |
---------------+-------------+-----
Staves         | 3 4 5 |  5.7
Fighting       | |  2.0
Throwing       | |  1.7
Dodging        | |  2.6

Action                   |  1- 3 |  4- 6 || total
-------------------------+-------+-------++-------
Melee: Quarterstaff      |   123 |    55 ||   178
  Use: Scroll            |       |     2 ||     2
       Potion            |       |     4 ||     4
 Stab: Sleeping          |     3 |       ||     3
Armor: Leather armour    |    34 |    16 ||    50
       Skin              |       |    44 ||    44
Dodge: Dodged            |    80 |    43 ||   123
Block: Other             |       |    17 ||    17

Levels and vault maps discovered:
D:1:      nicolae_arrival_washed_ashore, layout_loops_ring,
          ebering_ecumenical_altar_abandoned, minmay_lizard_king
D:2:      layout_rooms, hangedman_decor_riveting, minmay_diced_spiral
D:3:      layout_rooms, mainiacjoe_overflow_brackets, kennysheep_nondescript,
          uniq_ijyb, uniq_natasha
D:4:      layout_rooms, minmay_temple_entry_sparse_star, ebering_ghost_gozag,
          minmay_misc_feat_room, uniq_menkaure, uniq_edmund
